Map: King Sejong Station LE

Players

blackxored - Winner!

  • Race: Zerg Zerg
  • League: Diamond

Getruschka

  • Race: Terran Terran
  • League: Platinum

VOD

Have the link to the VOD?

Description

Time

  • Played on: June 30, 2016, 3:25 p.m.
  • Length: 14:22
Show
View Real Time Build Order
Export as new Build Order

blackxored Zerg - Winner!

Build Orders: Hatch First 

Get SALT Encoding   

  12  0:01  Drone  
  13  0:09  Drone  
  14  0:19  Overlord  
  14  0:24  Extractor  
  14  0:25  Drone  
  15  0:44  Drone x2  
  17  0:58  Hatchery  
  17  1:02  Drone  
  17  1:04  Drone  
  18  1:12  Drone  
  18  1:16  Extractor  
  18  1:19  Spawning Pool  
  18  1:21  Drone  
  18  1:28  Drone  
  19  1:38  Overlord  
  19  1:49  Drone  
  20  2:06  Queen  
  20  2:07  Zergling x2  
  23  2:10  Queen  
  23  2:11  Zergling x4  
  27  2:23  Zergling x4  
  29  2:32  Drone  
  29  2:33  Drone  
  31  2:42  Pneumatized Carapace  
  30  2:57  Drone x4  
  34  3:02  Hatchery  
  33  3:11  Drone x2  
  35  3:17  Overlord  
  35  3:21  Metabolic Boost  
  35  3:24  Drone  
  36  3:27  Overlord  
  36  3:45  Drone x2  
  36  3:46  Drone x5  
  42  4:00  Drone x3  
  42  4:01  Drone x3  
  48  4:04  Queen  
  50  4:13  Queen  
  50  4:15  Overlord  
  52  4:21  Drone x4  
  56  4:38  Drone  
  56  4:39  Spine Crawler  
  56  4:43  Drone  
  56  4:45  Roach Warren  
  56  4:46  Lair  
  56  4:50  Drone x9  
  65  4:53  Queen, Spine Crawler  
  65  4:56  Extractor  
  65  5:01  Drone  
  66  5:07  Spore Crawler  
  58  5:28  Drone x3  
  61  5:40  Drone x2  
  61  5:42  Hatchery  
  62  5:47  Drone  
  62  5:48  Drone x3  
  66  5:52  Overlord x4, Extractor  
  66  5:53  Drone  
  66  6:02  Evolution Chamber x2  
  66  6:03  Baneling Nest, Drone x2  
  66  6:04  Drone, Hatchery  
  66  6:07  Drone  
  66  6:11  Extractor  
  66  6:12  Drone  
  65  6:18  Spore Crawler  
  64  6:25  Drone  
  64  6:26  Drone x2  
  64  6:27  Drone  
  64  6:29  Drone x4  
  64  6:32  Extractor  
  71  6:34  Extractor, Drone x2  
  71  6:35  Drone  
  71  6:39  Spore Crawler  
  72  6:44  Zerg Melee Weapons Level 1, Zerg Ground Armor Level 1  
  72  6:45  Drone  
  72  6:46  Drone x2  
  75  6:50  Zergling x12  
  75  6:58  Spore Crawler, Drone  
  75  6:59  Zergling x2  
  75  7:00  Zergling x8  
  80  7:10  Drone x2  
  80  7:11  Drone  
  80  7:12  Drone  
  80  7:14  Centrifical Hooks  
  84  7:20  Drone  
  84  7:22  Zergling x14  
  92  7:23  Spire  
  92  7:24  Baneling x9  
  92  7:25  Baneling  
  92  7:27  Overseer  
  91  7:42  Zergling x20  
  100  7:45  Baneling x3  
  100  7:51  Drone x5  
  105  8:21  Drone x2  
  105  8:22  Zergling x2  
  105  8:23  Zergling x2  
  105  8:24  Overlord x3  
  109  8:28  Overlord x2  
  109  8:29  Overlord x2  
  109  8:31  Hatchery  
  108  8:39  Overlord x2  
  108  8:40  Zerg Ground Armor Level 2, Zerg Melee Weapons Level 2  
  108  8:46  Drone  
  108  8:47  Infestation Pit  
  108  8:57  Zergling x30  
  108  8:58  Zergling x2  
  124  9:09  Extractor, Drone x2  
  125  9:11  Extractor, Drone  
  125  9:12  Drone x5  
  130  9:23  Zergling x4  
  130  9:24  Zergling x24  
  143  9:26  Baneling x3  
  143  9:27  Baneling x2  
  144  9:40  Hive  
  117  9:53  Baneling x9  
  117  9:54  Zergling x6, Baneling x9  
  117  9:55  Zergling x16  
  128  10:10  Drone x2  
  128  10:11  Drone x6  
  128  10:13  Zergling x12  
  142  10:26  Extractor x2  
  140  10:32  Drone x3  
  140  10:33  Queen  
  145  10:43  Overlord x2  
  145  10:59  Zerg Melee Weapons Level 3, Zerg Ground Armor Level 3  
  145  11:00  Adrenal Glands  
  145  11:08  Ultralisk Cavern  
  144  11:41  Corruptor  
  144  11:42  Corruptor x4  
  144  11:45  Hatchery  
  114  12:04  Zergling x28  
  114  12:05  Zergling x42  
  136  12:12  Zergling x2  
  136  12:13  Zergling x26  
  150  12:18  Zergling x6  
  150  12:20  Chitinous Plating  
  153  12:26  Zergling x2  
  153  12:27  Zergling x8  
  156  12:32  Zergling x6  
  153  12:48  Ultralisk x2  
  153  12:49  Ultralisk x3  
  183  13:13  Hatchery  
  183  13:19  Ultralisk  
  194  13:20  Ultralisk  
  194  13:23  Baneling x26  
Show
View Real Time Build Order
Export as new Build Order

Getruschka Terran 

Build Orders: Liberator Opening, MMM Bio 

Get SALT Encoding   

  12  0:00  SCV  
  13  0:12  SCV  
  14  0:17  Supply Depot  
  14  0:32  SCV  
  15  0:40  Barracks  
  15  0:45  Refinery  
  15  0:46  SCV  
  16  0:58  SCV  
  17  1:10  SCV  
  18  1:22  SCV  
  19  1:28  Reaper  
  19  1:29  Supply Depot  
  20  1:34  SCV  
  21  1:45  Command Center  
  21  1:55  Orbital Command  
  21  2:00  Marine  
  22  2:09  Factory  
  22  2:20  Barracks  
  22  2:24  SCV  
  22  2:27  Marine  
  24  2:36  SCV  
  25  2:45  Marine  
  26  2:59  Orbital Command  
  26  3:02  Marine  
  26  3:05  Supply Depot, Refinery  
  27  3:06  SCV  
  27  3:08  Factory Reactor  
  27  3:10  Barracks Reactor  
  28  3:16  Bunker  
  28  3:21  Marine  
  28  3:25  Starport, SCV  
  30  3:28  SCV  
  31  3:40  Orbital Command  
  30  3:49  Marine x2  
  30  3:50  Hellion x2  
  30  3:51  Bunker  
  30  3:52  Liberator  
  36  3:56  Barracks Tech Lab  
  36  4:05  SCV x2  
  36  4:07  Marine x2  
  43  4:11  Hellion x2  
  47  4:17  SCV  
  48  4:25  Refinery  
  48  4:26  Marine, Stimpack  
  48  4:27  Marine  
  50  4:36  Barracks  
  50  4:38  SCV x2  
  52  4:41  Refinery  
  52  4:45  Engineering Bay  
  52  4:49  Engineering Bay  
  52  4:52  SCV x2  
  50  5:14  SCV  
  50  5:15  SCV  
  50  5:16  Marine, Marauder  
  50  5:17  Marine  
  50  5:20  Barracks  
  52  5:22  Barracks  
  52  5:27  SCV x2  
  52  5:28  Barracks Reactor  
  54  5:47  Starport Reactor  
  54  5:51  Supply Depot, Terran Infantry Armor Level 1  
  54  5:52  Supply Depot  
  54  5:55  Terran Infantry Weapons Level 1  
  54  5:56  Supply Depot  
  54  6:01  Missile Turret  
  54  6:05  Missile Turret  
  54  6:13  Marine x2  
  56  6:24  SCV x2  
  58  6:26  Marine x2  
  58  6:27  Barracks Tech Lab  
  58  6:28  Barracks Reactor  
  58  6:30  Hellion x2  
  64  6:33  Medivac  
  64  6:34  Medivac  
  64  6:36  SCV x2  
  70  6:46  Marine, Marauder  
  70  6:47  Marine, Marauder  
  75  6:48  SCV x2  
  78  6:58  Combat Shields  
  78  7:04  Supply Depot x2  
  78  7:25  Medivac x2  
  78  7:26  SCV  
  83  7:30  Armory  
  83  7:32  Missile Turret  
  83  7:33  Command Center  
  83  7:35  Supply Depot  
  83  7:36  Marine, Marauder  
  86  7:38  Marine  
  87  7:45  SCV x2  
  87  7:48  Marine  
  87  7:52  Marauder  
  87  7:55  Marine, Medivac  
  87  7:56  Marine  
  87  7:57  Marauder  
  95  8:10  Hellion x2  
  95  8:12  Medivac  
  101  8:13  Marine  
  102  8:20  Terran Infantry Weapons Level 2  
  102  8:32  Supply Depot  
  102  8:34  Supply Depot  
  102  8:41  Starport  
  102  8:44  Marine x3, Medivac  
  102  8:45  Marauder x2, SCV  
  112  8:48  Planetary Fortress  
  112  8:53  Missile Turret  
  112  8:57  Marine x2  
  114  9:06  Marauder  
  114  9:07  Terran Infantry Armor Level 2  
  114  9:09  Marauder  
  118  9:13  Refinery  
  118  9:14  SCV  
  118  9:16  Refinery  
  119  9:21  Marine  
  120  9:28  Marauder  
  120  9:30  Marauder  
  124  9:49  Marauder  
  124  9:52  Marine x3, Marauder  
  93  9:53  Marine x3  
  93  9:55  Starport Reactor  
  93  9:57  Hellbat x2  
  102  10:03  SCV x2  
  104  10:10  Marine x4, Marauder  
  112  10:14  Marine, Marauder  
  112  10:15  SCV x2  
  112  10:18  Hellbat x2  
  119  10:26  Supply Depot  
  119  10:27  SCV x2  
  119  10:28  Supply Depot, Missile Turret  
  121  10:32  Marauder  
  121  10:33  Missile Turret x2  
  125  10:35  Marauder  
  125  10:36  Missile Turret  
  125  10:38  Missile Turret  
  125  10:46  Factory  
  125  10:47  Hellbat  
  125  10:48  Hellbat  
  129  10:52  SCV x2  
  129  10:53  Marauder  
  129  10:57  Supply Depot, Marauder  
  135  11:01  Marine  
  135  11:02  Marine x3  
  139  11:04  SCV  
  139  11:05  Medivac x2  
  139  11:08  Marine  
  145  11:15  Marauder  
  147  11:24  Marine, Marauder  
  147  11:25  Command Center  
  150  11:30  Supply Depot  
  150  11:34  Factory Reactor  
  150  11:35  Factory Tech Lab  
  150  11:36  Marauder  
  150  11:37  Terran Infantry Weapons Level 3  
  152  11:45  Marine x2  
  152  11:46  Marine, Marauder  
  157  11:51  Marine x3  
  160  11:57  Marauder  
  123  12:05  Marine x3  
  123  12:07  Marauder  
  108  12:09  Marine x3  
  111  12:19  Marauder  
  113  12:23  Marine x3  
  113  12:27  Marine x3  
  113  12:28  Marauder  
  112  12:39  Marine  
  112  12:40  SCV x2  
  112  12:41  Marine x3  
  109  12:45  Marine x2  
  109  12:46  Marine  
  109  12:50  Marauder  
  114  12:58  Marine, Marauder  
  116  12:59  Marine x2  
  116  13:02  Marine x2  
  116  13:04  Marine  
  122  13:09  Hellbat  
  122  13:11  Hellbat, Marauder  
  128  13:16  Marine x2  
  128  13:17  Marine  
  128  13:19  Marauder, Planetary Fortress  
  133  13:33  Marauder  
  135  13:35  Marine  
  135  13:36  Marine x2  
  135  13:41  Marine x3, Marauder  
  140  13:44  Refinery  
  140  13:48  Refinery  
  143  13:50  Missile Turret  
  143  13:51  Missile Turret  
  143  13:53  Marine  
  143  13:54  Marauder  
  148  13:55  Hellbat  
  148  13:57  Hellbat  
Tags
 
Add a new tag
Caveats
  • Supply blocks, unpowered buildings, or Contaminate may cause inaccurate times.
  • Supply counts are checked every 10 seconds.